[Event "Team 45 45 League T70"]
[Site "Internet Chess Club"]
[Date "2016.09.10"]
[Round "1"]
[White "Kingofknights"]
[Black "kausika"]
[Result "0-1"]
[WhiteElo "1514"]
[BlackElo "1377"]
[Opening "Grünfeld: 5.e3"]
[ECO "D94"]
[Time "10:02:33"]
[TimeControl "2700+45"]

1. d4 Nf6 2. c4 g6 3. Nc3 d5 4. e3 Bg7 5. Nf3 O-O 6. b3 c5 7. Bb2 cxd4 8. Nxd4
Nc6 9. Nf3 dxc4 10. Bxc4 Bg4 11. Be2 Qa5 12. O-O Rfd8 13. Qc1 Rac8 14. Rd1 Ne5
15. Rxd8+ Qxd8 16. Qd1 Nxf3+ 17. Bxf3 Bxf3 18. Qxf3 Qa5 19. Qxb7 Rxc3 20. Qxe7
Qc7 21. Qxc7 Rxc7 22. Rd1 Rd7 23. Rc1 Ne8 24. Bxg7 Kxg7 25. g3 Rc7 26. Rxc7 Nxc7
27. e4 Kf6 28. f4 Ke6 29. Kf2 f5 30. e5 a5 31. Ke3 Kd5 32. Kd3 Kc5 33. a3 Ne6
34. Kc3 Kb5 35. Kd3 h5 36. Kc3 g5 37. fxg5 Nxg5 38. Kd4 Kc6 39. e6 Kd6 40. e7
Kxe7 41. Kc5 a4 42. b4 Ne4+ 43. Kc6 Kd8 44. Kb5 Nc3+ 45. Kc4 Nb1 46. b5 Nxa3+
47. Kb4 Nxb5 48. Kxa4 Nd6 49. Kb4 Ke7 50. Kc5 Ne4+ 51. Kd5 Kf6 52. Kd4 Kg5 53.
Ke5 Nf2 54. Kd4 Kg4 55. Ke5 Nh3 56. Kf6 Ng5 57. Ke5 Nf3+ {White resigns} 0-1

[Event "Team 45 45 League T70"]
[Site "Internet Chess Club"]
[Date "2016.09.11"]
[Round "1"]
[White "MartyJR"]
[Black "g8wrb"]
[Result "1-0"]
[WhiteElo "1463"]
[BlackElo "1215"]
[Opening "Queen's pawn: London system"]
[ECO "A45"]
[Time "12:00:51"]
[TimeControl "2700+45"]

1. d4 Nf6 2. Bf4 g6 3. e3 Bg7 4. Nf3 d6 5. c3 O-O 6. h3 Bf5 7. Be2 Nc6 8. O-O
Re8 9. Nbd2 e5 10. dxe5 dxe5 11. Bh2 Qe7 12. Qb3 b6 13. Bb5 e4 14. Bxc6 exf3 15.
Nxf3 Be6 16. Qc2 Bf5 17. Qc1 Be4 18. Bxa8 Rxa8 19. Nd4 c5 20. Nf3 Bxf3 21. gxf3
Rd8 22. Rd1 Rd7 23. Rxd7 Qxd7 24. Qd1 Qxh3 25. Qd8+ Bf8 26. Qxf6 Bg7 27. Qd8+
Bf8 28. Bd6 Qh6 29. Bxf8 Qxf8 30. Qxf8+ Kxf8 31. Rd1 Ke7 32. Kh2 f5 33. Kg3 g5
34. e4 fxe4 35. fxe4 h5 36. Rh1 {Black resigns} 1-0

[Event "Team 45 45 League T70"]
[Site "Internet Chess Club"]
[Date "2016.09.12"]
[Round "1"]
[White "clarinetref"]
[Black "MarcB"]
[Result "1-0"]
[WhiteElo "1589"]
[BlackElo "1528"]
[Opening "Sicilian: Canal-Sokolsky attack, 3...Bd7"]
[ECO "B52"]
[Time "22:00:47"]
[TimeControl "2700+45"]

1. e4 c5 2. Nf3 d6 3. Bb5+ Bd7 4. a4 a6 5. Bxd7+ Nxd7 6. d4 cxd4 7. Qxd4 Ngf6 8.
Nc3 e6 9. Bg5 Be7 10. O-O O-O 11. Rfd1 Ne8 12. Be3 Qc7 13. Qd2 Bf6 14. e5 Nxe5
15. Ng5 Nc4 16. Qd3 Nxe3 17. Qxh7# {Black checkmated} 1-0

[Event "Team 45 45 League T70"]
[Site "Internet Chess Club"]
[Date "2016.09.08"]
[Round "1"]
[White "JohLeb"]
[Black "kutch"]
[Result "1/2-1/2"]
[WhiteElo "1421"]
[BlackElo "1507"]
[Opening "QGD Slav defense, Alekhine variation"]
[ECO "D10"]
[Time "19:21:48"]
[TimeControl "2700+45"]

1. d4 d5 2. c4 c6 3. Nc3 dxc4 4. e4 b5 5. Nf3 b4 6. Ne2 e6 7. Ng3 Ba6 8. Be3 Nf6
9. Ne5 Nbd7 10. Bxc4 Bxc4 11. Nxc4 Be7 12. O-O O-O 13. Rc1 Rc8 14. Qe2 c5 15.
dxc5 Nxc5 16. Bxc5 Bxc5 17. Rfd1 Qc7 18. b3 Qf4 19. Rc2 Ng4 20. Rf1 Nxh2 21.
Kxh2 Qh4+ 22. Kg1 Qxg3 23. Rd1 Rfd8 24. Rcd2 Rxd2 25. Qxd2 h6 26. Qe2 Qf4 27.
Rd3 Qc1+ 28. Qf1 Qf4 29. Qe2 Qc1+ 30. Qf1 Qf4 31. Qe2 {Game drawn by repetition}
1/2-1/2

[Event "Team 45 45 League T70"]
[Site "Internet Chess Club"]
[Date "2016.09.13"]
[Round "1"]
[White "Aquaman"]
[Black "houseofcook"]
[Result "1/2-1/2"]
[WhiteElo "1377"]
[BlackElo "1445"]
[Opening "Bird's opening"]
[ECO "A03"]
[Time "14:01:26"]
[TimeControl "2700+45"]

1. f4 d5 2. e3 Nf6 3. b3 Bg4 4. Nf3 e6 5. Be2 Be7 6. Bb2 c5 7. O-O Bxf3 8. Bxf3
O-O 9. c4 Nbd7 10. cxd5 exd5 11. Na3 Rc8 12. Rc1 a6 13. Nc2 b5 14. Ne1 Qb6 15.
Kh1 c4 16. bxc4 bxc4 17. Bd4 Bc5 18. Nc2 Bxd4 19. Nxd4 Nc5 20. Rb1 Qa7 21. Nc2
Rb8 22. Nb4 Qd7 23. Qe2 a5 24. Nc2 Qc7 25. Rfd1 Rxb1 26. Rxb1 Rb8 27. Qd1 Nfe4
28. Kg1 Nd3 29. Bxe4 dxe4 30. Na3 h6 31. Rxb8+ Qxb8 32. Nxc4 Qa7 33. Qa4 Nxf4
34. Qxa5 Qxa5 35. Nxa5 Nd3 36. Kf1 Kf8 37. Ke2 Ke7 38. Kd1 Kd6 39. Nc4+ Kc6 40.
g3 f6 41. Kc2 Nb4+ 42. Kb3 Kc5 43. Nb2 Nc6 {Game drawn by mutual agreement}
1/2-1/2

[Event "Team 45 45 League T70"]
[Site "Internet Chess Club"]
[Date "2016.09.09"]
[Round "1"]
[White "sdcohle"]
[Black "Xbug"]
[Result "1-0"]
[WhiteElo "1483"]
[BlackElo "1045"]
[Opening "QGD Slav defense"]
[ECO "D10"]
[Time "22:16:09"]
[TimeControl "2700+45"]

1. d4 d5 2. c4 c6 3. Nc3 Nf6 4. e3 Bf5 5. Nf3 Nbd7 6. Be2 dxc4 7. Bxc4 e6 8. Nh4
Bg4 9. Be2 Bb4 10. Bxg4 Ne4 11. Bd2 Nxd2 12. Qxd2 Qxh4 13. Bf3 Qf6 14. O-O O-O
15. a3 Ba5 16. b4 Bc7 17. Rac1 Rfd8 18. Qc2 e5 19. dxe5 Nxe5 20. Be4 Ng4 21. h3
Ne5 22. Bxh7+ Kh8 23. Be4 g6 24. Rcd1 Kg7 25. Ne2 Rh8 26. Ng3 Rae8 27. f4 Ng4
28. hxg4 Qh4 29. Kf2 Qxg4 30. Qc3+ f6 31. Bf3 Qh4 32. Rd7+ Kg8 33. Rh1 Qxg3+ 34.
Kxg3 Rxh1 35. Rxc7 g5 36. Qxf6 Rh7 37. Qg6+ Rg7 38. Qxg7# {Black checkmated} 1-0

[Event "Team 45 45 League T70"]
[Site "Internet Chess Club"]
[Date "2016.09.11"]
[Round "1"]
[White "Gilguli"]
[Black "QuieroAprender"]
[Result "1/2-1/2"]
[WhiteElo "1416"]
[BlackElo "1660"]
[Opening "Vienna game"]
[ECO "C25"]
[Time "14:33:54"]
[TimeControl "2700+45"]

1. e4 e5 2. Nc3 Bc5 3. Bc4 Nf6 4. f4 Nc6 5. fxe5 Nxe5 6. Bb3 c6 7. d4 Bb4 8.
dxe5 Nxe4 9. Qf3 Bxc3+ 10. bxc3 d5 11. Ne2 O-O 12. Ba3 Re8 13. O-O-O Rxe5 14. c4
Qg5+ 15. Qf4 Qxf4+ 16. Nxf4 Nf2 17. Nd3 Nxd3+ 18. cxd3 Be6 19. Bd6 Re2 20. Rd2
Rxd2 21. Kxd2 Rd8 22. c5 b6 23. d4 b5 24. a4 a6 25. Ra1 Bg4 26. axb5 axb5 27.
Ra6 Rc8 28. Rb6 f6 29. Rb8 Rxb8 30. Bxb8 Kf7 31. Ke3 g5 32. Bc2 h5 33. h3 Be6
34. Bd1 Kg6 35. Bc2+ Kf7 36. Bd3 h4 37. Bc7 f5 38. Be5 Kg6 39. Kf3 Kh5 40. Be2
Kg6 41. Bd3 Kh5 42. Ke3 Kh6 43. Be2 Kg6 44. Kd3 Kh6 45. Kc3 Kg6 46. Kb4 Bd7 47.
Ka5 g4 48. hxg4 fxg4 49. Kb6 b4 50. Kc7 Bf5 51. Bd1 Be4 52. Kxc6 Bxg2 53. Kb5
Bf3 54. c6 Bxd1 55. c7 Be2+ 56. Kb6 b3 57. c8=Q g3 58. Qe8+ Kf5 59. Qf7+ Ke4 60.
Qg6+ Ke3 61. Qb1 Bc4 62. Qg1+ Kd2 63. Bf4+ Kc3 64. Qc1+ Kd3 65. Qd2+ Ke4 66.
Qe3+ Kf5 67. Qd2 b2 68. Qxb2 Kxf4 69. Qg2 {Game drawn by mutual agreement}
1/2-1/2

[Event "Team 45 45 League T70"]
[Site "Internet Chess Club"]
[Date "2016.09.11"]
[Round "1"]
[White "drsigmund1"]
[Black "Insan996"]
[Result "0-1"]
[WhiteElo "1445"]
[BlackElo "1545"]
[Opening "Queen's pawn: London system"]
[ECO "A45"]
[Time "21:07:50"]
[TimeControl "2700+45"]

1. d4 Nf6 2. Bf4 e6 3. Nf3 Bd6 4. Bg5 h6 5. e4 hxg5 6. e5 Be7 7. exf6 Bxf6 8.
Nc3 b6 9. Ne4 Bb7 10. Nxf6+ Qxf6 11. Ne5 d6 12. Ng4 Qf4 13. Ne3 Nd7 14. Qd2 Qf6
15. O-O-O O-O-O 16. Bb5 Kb8 17. h3 Qe7 18. Rhe1 c6 19. Bc4 Nf6 20. d5 cxd5 21.
Bxd5 exd5 22. Nxd5 Qf8 23. Nxf6 gxf6 24. f3 d5 25. Qd4 Qd6 26. Re3 Rhe8 27. Red3
Qe5 28. Qb4 Rc8 29. Kb1 Rc4 30. Qb5 Rc5 31. Qb4 Qe2 32. R3d2 Qc4 33. Qa3 Re2 34.
Rxe2 Qxe2 35. Rc1 Qxg2 36. Qe3 Qxh3 37. Qe8+ Rc8 38. Qxf7 Qxf3 39. Qe7 g4 40.
Re1 g3 {White resigns} 0-1

[Event "Team 45 45 League T70"]
[Site "Internet Chess Club"]
[Date "2016.09.09"]
[Round "1"]
[White "bardu"]
[Black "olivermx"]
[Result "0-1"]
[WhiteElo "1414"]
[BlackElo "1354"]
[Opening "QGD: symmetrical (Austrian) defense"]
[ECO "D06"]
[Time "11:06:47"]
[TimeControl "2700+45"]

1. d4 d5 2. c4 c5 3. cxd5 Qxd5 4. Nf3 cxd4 5. Nc3 Qd8 6. Qxd4 Qxd4 7. Nxd4 e5 8.
Ndb5 Kd8 9. e3 Bd7 10. Bc4 a6 11. Na3 b5 12. Naxb5 axb5 13. Nxb5 Bxb5 14. Bxb5
Bb4+ 15. Ke2 Ne7 16. Rd1+ Kc7 17. a3 Ba5 18. Bd2 Bxd2 19. Rxd2 Rd8 20. Rc1+ Nbc6
21. Bd3 g6 22. b4 Kb6 23. Ra2 Nxb4 24. Rb1 Nd5 25. Be4 Nc3+ {White resigns} 0-1

[Event "Team 45 45 League T70"]
[Site "Internet Chess Club"]
[Date "2016.09.10"]
[Round "1"]
[White "Kandor"]
[Black "rgadoury"]
[Result "0-1"]
[WhiteElo "1260"]
[BlackElo "1383"]
[Opening "Philidor's defense"]
[ECO "C41"]
[Time "19:01:32"]
[TimeControl "2700+45"]

1. e4 e5 2. Nf3 d6 3. g3 Nf6 4. d3 Be7 5. Bg2 O-O 6. O-O c6 7. Nbd2 Nbd7 8. Qe2
Re8 9. Re1 d5 10. c4 d4 11. Nf1 Nc5 12. Nxe5 Qc7 13. Nf3 Bg4 14. h3 Bxf3 15.
Qxf3 Ne6 16. e5 Nd7 17. Qe4 Ndc5 18. Qf5 g6 19. Qf3 Rad8 20. Bh6 Bg5 21. Bxg5
Nxg5 22. Qf4 Nge6 23. Qd2 Nd7 24. f4 Ng7 25. g4 Re6 26. Ng3 Rf8 27. Re4 Qb6 28.
b4 c5 29. b5 a6 30. a4 axb5 31. axb5 Ree8 32. Ree1 Ra8 33. Bc6 bxc6 {White
resigns} 0-1

[Event "Team 45 45 League T70"]
[Site "Internet Chess Club"]
[Date "2016.09.10"]
[Round "1"]
[White "guyd52"]
[Black "seattleblues"]
[Result "1-0"]
[WhiteElo "1358"]
[BlackElo "1332"]
[Opening "Réti: King's Indian attack (Barcza system)"]
[ECO "A07"]
[Time "06:05:54"]
[TimeControl "2700+45"]

1. g3 d5 2. Nf3 Nf6 3. Bg2 Bf5 4. d3 e6 5. O-O Bc5 6. Bg5 h6 7. Bxf6 Qxf6 8. h3
Qxb2 9. Nbd2 Qf6 10. Qe1 O-O 11. e4 dxe4 12. Nxe4 Qe7 13. Nxc5 Qxc5 14. Nh4 c6
15. Qd2 Bh7 16. Nf3 Nd7 17. Rfe1 Rad8 18. Rab1 Nb6 19. Re5 Qe7 20. Qa5 Ra8 21.
Qc3 Nd5 22. Qb2 Rab8 23. Qd4 c5 24. Qxd5 {Black resigns} 1-0

[Event "Team 45 45 League T70 u"]
[Site "Internet Chess Club"]
[Date "2016.09.11"]
[Round "1"]
[White "Conjurer"]
[Black "rhayder"]
[Result "0-1"]
[WhiteElo "1232"]
[BlackElo "1273"]
[Opening "Queen's pawn: London system"]
[ECO "A45"]
[Time "16:06:48"]
[TimeControl "2700+45"]

1. d4 Nf6 2. Bf4 g6 3. e3 Bg7 4. Nf3 O-O 5. Nbd2 d6 6. Bc4 c6 7. O-O b5 8. Bb3
a5 9. a3 Ba6 10. Re1 a4 11. Ba2 Nbd7 12. b3 Nb6 13. c4 axb3 14. Qxb3 Nxc4 15.
Nxc4 bxc4 16. Qc2 Nd5 17. Bxc4 Nxf4 18. exf4 c5 19. Rad1 cxd4 20. Nxd4 Bxc4 21.
Qxc4 Rxa3 22. Nc6 Qd7 23. Rxe7 Qf5 24. g3 Rc3 25. Qa4 Qc2 26. Qxc2 Rxc2 27. Rxd6
Rc8 28. Rd8+ Rxd8 29. Nxd8 Bd4 30. Kg2 Bxf2 31. Kf3 Kg7 32. Rxf7+ Kh6 33. Ne6
Bg1 34. h3 Rc3+ 35. Kg4 Bf2 36. f5 Rxg3+ 37. Kf4 Rxh3 38. f6 Rh4+ 39. Kf3 Bg1
40. Rxh7+ Kxh7 41. f7 Bc5 42. Kg3 Rh5 43. Nxc5 Kg7 44. Ne6+ Kxf7 45. Nf4 Rg5+
46. Kf3 Rf5 47. Kg4 Kf6 48. Nh3 Ra5 49. Kf4 Ra4+ 50. Kg3 Kf5 51. Nf2 g5 52. Kg2
Ra3 53. Nh3 g4 54. Nf2 Kf4 55. Nh1 Ra2+ {White resigns} 0-1

[Event "Team 45 45 League T70"]
[Site "Internet Chess Club"]
[Date "2016.09.12"]
[Round "1"]
[White "Innes"]
[Black "Electryon"]
[Result "1/2-1/2"]
[WhiteElo "1582"]
[BlackElo "1432"]
[Opening "French: exchange variation"]
[ECO "C01"]
[Time "18:13:10"]
[TimeControl "2700+45"]

1. e4 e6 2. d4 d5 3. exd5 exd5 4. Bd3 Bd6 5. Nc3 c6 6. h3 Nd7 7. Be3 Ne7 8. Qf3
Ng6 9. Nge2 Qf6 10. Qxf6 Nxf6 11. O-O-O Be6 12. f4 Ne7 13. g4 O-O-O 14. f5 Bd7
15. Rhf1 h6 16. Rde1 Kb8 17. Ng1 Nc8 18. Nf3 Rde8 19. Ne5 Re7 20. Nxd7+ Rxd7 21.
Bf4 Re8 22. Be5 Rde7 23. Bxd6+ Nxd6 24. Kd1 Nde4 25. Nxe4 Nxe4 26. Bxe4 Rxe4 27.
c3 Rxe1+ 28. Rxe1 Rxe1+ 29. Kxe1 Kc7 30. Ke2 Kd6 31. Ke3 b6 32. Kf4 g5+ 33. fxg6
fxg6 34. g5 h5 35. h4 Ke6 36. b3 a5 37. a3 c5 38. a4 Kd6 39. Ke3 Ke6 40. c4
cxd4+ 41. Kxd4 dxc4 42. Kxc4 Kf5 43. Kb5 Kg4 44. Kxb6 Kxh4 45. Kxa5 Kxg5 46. b4
h4 47. b5 h3 48. b6 h2 49. b7 h1=Q 50. b8=Q Qe1+ 51. Qb4 Qe6 52. Qd2+ Kf6 53.
Qd4+ Qe5+ 54. Qxe5+ Kxe5 55. Kb6 g5 56. a5 g4 57. a6 g3 58. a7 g2 59. a8=Q g1=Q+
60. Kb7 Qg2+ 61. Kb8 Qxa8+ 62. Kxa8 {Game drawn because neither player has
mating material} 1/2-1/2

[Event "Team 45 45 League T70"]
[Site "Internet Chess Club"]
[Date "2016.09.08"]
[Round "1"]
[White "Aquaman"]
[Black "olivermx"]
[Result "1-0"]
[WhiteElo "1374"]
[BlackElo "1334"]
[Opening "Queen's pawn game, Krause variation"]
[ECO "D02"]
[Time "15:02:05"]
[TimeControl "2700+45"]

1. d4 d5 2. Nf3 c5 3. c3 Nf6 4. Bf4 Nc6 5. e3 Bg4 6. Be2 Bxf3 7. Bxf3 e6 8. h3
Be7 9. O-O O-O 10. Nd2 c4 11. Re1 h6 12. e4 dxe4 13. Nxe4 Nxe4 14. Bxe4 Bd6 15.
Bxd6 Qxd6 16. d5 exd5 17. Bxd5 Qc5 18. Bf3 Rad8 19. Qc2 Rd7 20. Rad1 Rxd1 21.
Rxd1 Rd8 22. Re1 Rd7 23. Re8+ {Black resigns} 1-0

[Event "Team 45 45 League T70"]
[Site "Internet Chess Club"]
[Date "2016.09.11"]
[Round "1"]
[White "wildangels"]
[Black "GiantsFan"]
[Result "1-0"]
[WhiteElo "1122"]
[BlackElo "1134"]
[Opening "Konstantinopolsky opening"]
[ECO "C44"]
[Time "20:00:32"]
[TimeControl "2700+45"]

1. e4 e5 2. Nf3 Nc6 3. g3 Nf6 4. d3 Bc5 5. Be3 Bxe3 6. fxe3 d5 7. Nbd2 Ng4 8.
Qe2 d4 9. Nc4 Nxe3 10. Nxe3 dxe3 11. Qxe3 Nd4 12. Nxd4 exd4 13. Qf4 c5 14. Qe5+
Qe7 15. Qxg7 Qf8 16. Qe5+ Be6 17. Qc7 Bc8 18. Qe5+ Be6 19. Bh3 Kd7 20. g4 f6 21.
Qg3 Rg8 22. Rf1 h5 23. e5 Rg6 24. g5 Rxg5 25. Qf3 Rxe5+ 26. Kd2 Bxh3 27. Qxh3+
Ke7 28. Rae1 Qh6+ 29. Kd1 h4 30. Qg4 Kd6 31. c3 dxc3 32. bxc3 Rxe1+ 33. Rxe1 Qg5
34. Qe6+ Kc7 35. Qe7+ Kb6 36. Qe6+ Kb5 37. Qc4+ Kc6 38. Re6+ Kd7 39. Qe4 Qg1+
40. Kc2 Qxh2+ 41. Kb3 Rb8 42. Rxf6 h3 43. Qh7+ Ke8 44. Qf7+ Kd8 45. Qf8+ Kd7 46.
Qg7+ Ke8 47. Rf8# {Black checkmated} 1-0

[Event "Team 45 45 League T70"]
[Site "Internet Chess Club"]
[Date "2016.09.11"]
[Round "1"]
[White "artspir"]
[Black "oldbookseller"]
[Result "0-1"]
[WhiteElo "1133"]
[BlackElo "1072"]
[Opening "Queen's pawn game"]
[ECO "D02"]
[Time "14:01:10"]
[TimeControl "2700+45"]

1. d4 d5 2. Nf3 e6 3. Bf4 Nf6 4. h3 Be7 5. e3 O-O 6. Nbd2 Nc6 7. c3 b6 8. Bd3
Bb7 9. O-O Bd6 10. Ne5 Qe7 11. c4 Nb4 12. Qe2 Ba6 13. a3 dxc4 14. Ndxc4 Nxd3 15.
Qxd3 Rad8 16. Nc6 Qd7 17. Nxd8 Rxd8 18. b4 Qc6 19. Rac1 Bb7 20. Nxd6 Qxg2#
{White checkmated} 0-1

[Event "Team 45 45 League T70"]
[Site "Internet Chess Club"]
[Date "2016.09.12"]
[Round "1"]
[White "mongmong"]
[Black "yuanbao2007"]
[Result "1-0"]
[WhiteElo "1475"]
[BlackElo "1201"]
[Opening "Queen's pawn game, Chigorin variation"]
[ECO "D02"]
[Time "18:00:30"]
[TimeControl "2700+45"]

1. d4 d5 2. Nf3 Nc6 3. e3 Bf5 4. c3 Nf6 5. Nbd2 e6 6. Bb5 Qd6 7. Qa4 Be7 8. Ne5
O-O 9. Bxc6 bxc6 10. Qxc6 Qxc6 11. Nxc6 Bd6 12. O-O Ng4 13. h3 Nf6 14. Nf3 Ne4
15. Nd2 f6 16. Nxe4 Bxe4 17. b4 e5 18. Bd2 exd4 19. exd4 f5 20. Bg5 f4 21. Be7
Bxe7 22. Nxe7+ Kh8 23. f3 Bd3 24. Rfe1 Rfe8 25. Nxd5 Rf8 26. Nxc7 Rfc8 27. Nd5
g5 28. Re5 h6 29. Rae1 Bc4 30. Ne7 Rc7 31. Rc5 Rxc5 32. dxc5 Bxa2 33. Re2 Bc4
34. Rd2 Re8 35. Nd5 Rd8 36. c6 Rc8 37. Ne7 Rc7 38. Rd8+ Kg7 39. Nf5+ Kf6 40. Nd4
Ke7 41. Rh8 Bd5 42. Rxh6 a6 43. Rh7+ Kd6 44. Rxc7 Kxc7 45. Kf2 Bxc6 46. Nxc6
Kxc6 47. g3 Kb5 48. gxf4 gxf4 49. Ke2 Kc4 50. Kd2 Kd5 51. Kd3 Ke5 52. h4 Kf6 53.
Ke4 Kg6 54. Kxf4 Kh5 55. Ke5 Kxh4 56. f4 Kg4 57. f5 Kg5 58. Ke6 Kf4 59. c4 Ke4
60. c5 Kd4 61. c6 Kc4 62. c7 Kxb4 63. c8=Q a5 64. Qa8 a4 65. f6 Kb3 66. f7 a3
67. f8=Q a2 68. Qff3+ Kb2 69. Qe2+ Kc3 70. Qaxa2 Kd4 71. Qa4+ Kc3 72. Qe1+ Kd3
73. Qb5+ Kd4 74. Qd5# {Black checkmated} 1-0

[Event "Team 45 45 League T70"]
[Site "Internet Chess Club"]
[Date "2016.09.10"]
[Round "1"]
[White "Uku"]
[Black "guyd52"]
[Result "1-0"]
[WhiteElo "1156"]
[BlackElo "1333"]
[Opening "King's pawn opening"]
[ECO "B07"]
[Time "19:00:37"]
[TimeControl "2700+45"]

1. e4 d6 2. d4 g6 3. Nf3 Bg7 4. Be3 Nf6 5. Nc3 O-O 6. Bd3 Nbd7 7. O-O e5 8. Ng5
exd4 9. Bxd4 c5 10. Be3 Ne5 11. f4 Nxd3 12. cxd3 a6 13. Qe1 Qb6 14. b3 Ng4 15.
Qh4 h6 16. Nf3 Nxe3 17. Rfe1 Nc2 18. Nd5 Bxa1 19. Rxa1 Qd8 20. Qxh6 Qd7 21. Nf6#
{Black checkmated} 1-0

[Event "Team 45 45 League T70"]
[Site "Internet Chess Club"]
[Date "2016.09.09"]
[Round "1"]
[White "chips"]
[Black "princevultan2"]
[Result "0-1"]
[WhiteElo "1177"]
[BlackElo "1263"]
[Opening "Queen's pawn game, Chigorin variation"]
[ECO "A04"]
[Time "21:59:33"]
[TimeControl "2700+45"]

1. Nf3 Nc6 2. d4 d5 3. e3 Nf6 4. g3 e6 5. Bg2 Bd6 6. O-O O-O 7. Nbd2 Re8 8. c4
e5 9. dxe5 Nxe5 10. cxd5 Nxd5 11. Nxe5 Bxe5 12. Bxd5 Qxd5 13. Nf3 Qc6 14. Nxe5
Rxe5 15. f4 Bh3 16. Rf2 Rd5 17. Qb3 Rad8 18. Rc2 Rd1+ 19. Kf2 Qg2# {White
checkmated} 0-1

[Event "Team 45 45 League T70"]
[Site "Internet Chess Club"]
[Date "2016.09.11"]
[Round "1"]
[White "Coolio9000"]
[Black "stantheman59"]
[Result "0-1"]
[WhiteElo "1314"]
[BlackElo "1181"]
[Opening "Philidor: Hanham variation"]
[ECO "C41"]
[Time "16:13:17"]
[TimeControl "2700+45"]

1. e4 e5 2. Nf3 d6 3. d4 Nd7 4. Bc4 Nb6 5. Bb3 Bg4 6. Nc3 Qd7 7. Bg5 f6 8. Be3
O-O-O 9. Nd5 Nxd5 10. Bxd5 Ne7 11. Bf7 exd4 12. Bxd4 Bxf3 13. Qxf3 Nc6 14. Bd5
Nxd4 15. Qc3 Nc6 16. Qb3 Re8 17. O-O-O Na5 18. Qb4 Nc6 19. Qa3 a6 20. f4 g6 21.
Qc3 Bg7 22. f5 gxf5 23. exf5 Re5 24. Be6 Rxe6 25. fxe6 Qxe6 26. Rhe1 Qxa2 27. b3
Bh6+ 28. Rd2 Bxd2+ 29. Kxd2 Qa5 30. b4 Qxb4 31. Qxb4 Nxb4 32. Kc3 Nd5+ 33. Kd4
Nb4 34. Kc3 c5 35. Re6 Nd5+ 36. Kc4 Nb6+ 37. Kc3 Kc7 38. Re7+ Kc6 39. Re6 Kd7
40. Re2 Re8 41. Rf2 Re4 42. Kd3 Rd4+ 43. Ke2 Nd5 44. g3 a5 45. Rf3 b5 46. Rb3 b4
47. Rf3 a4 48. h4 a3 49. Rf1 Nc3+ 50. Ke3 Rd1 51. Rf2 a2 {White resigns} 0-1

[Event "Team 45 45 League T70"]
[Site "Internet Chess Club"]
[Date "2016.09.11"]
[Round "1"]
[White "alexping"]
[Black "SlimeDog2"]
[Result "1-0"]
[WhiteElo "1988"]
[BlackElo "2069"]
[Opening "King's Indian: London system"]
[ECO "A45"]
[Time "00:38:05"]
[TimeControl "2700+45"]

1. d4 Nf6 2. Bf4 g6 3. Nf3 Bg7 4. e3 c5 5. c3 b6 6. Qb3 O-O 7. dxc5 Bb7 8. cxb6
axb6 9. Be2 Na6 10. O-O Nc5 11. Qd1 h6 12. Na3 Nd5 13. Nb5 Nxf4 14. exf4 d6 15.
Re1 Qd7 16. Bf1 Ne6 17. Qd2 Bxf3 18. gxf3 Ra5 19. c4 Rfa8 20. a3 Qb7 21. Bg2 Re8
22. Rad1 Qc8 23. b3 Nc7 24. a4 h5 25. Qe3 Nxb5 26. cxb5 Qd8 27. f5 gxf5 28. f4
e6 29. Bc6 Rf8 30. Qh3 h4 31. Kh1 Kh7 32. Rg1 Bf6 33. Qf3 Kh6 34. h3 d5 35. Kh2
Ra7 36. Rd3 Rc7 37. Qd1 Qd6 38. Qd2 Rcc8 39. Kh1 Rg8 40. b4 Rxg1+ 41. Kxg1 Rg8+
42. Kf1 Qf8 43. a5 Be7 44. a6 Bxb4 45. Qb2 f6 46. a7 Qg7 47. Qxb4 {Black
resigns} 1-0

[Event "Team 45 45 League T70"]
[Site "Internet Chess Club"]
[Date "2016.09.09"]
[Round "1"]
[White "sharky123"]
[Black "bobhill"]
[Result "1/2-1/2"]
[WhiteElo "1865"]
[BlackElo "1901"]
[Opening "Sicilian: Canal-Sokolsky (Nimzovich-Rossolimo, Moscow) attack"]
[ECO "B51"]
[Time "18:01:34"]
[TimeControl "2700+45"]

1. e4 c5 2. Nf3 d6 3. Bb5+ Nc6 4. d4 cxd4 5. Nxd4 Bd7 6. Nc3 a6 7. Ba4 g6 8. Be3
Bg7 9. a3 Nf6 10. f3 O-O 11. Qd2 Ne5 12. Bb3 Rc8 13. Bh6 Bxh6 14. Qxh6 Qa5 15.
O-O-O Rxc3 16. bxc3 Qxc3 17. Kb1 Nc4 18. Qc1 Rc8 19. Ka2 b5 20. h4 Qa5 21. g4 b4
22. Bxc4 Rxc4 23. h5 Rxd4 24. Rxd4 Be6+ 25. Ka1 bxa3 26. Qd2 Qc7 27. hxg6 fxg6
28. Rc1 Nd7 29. Qb4 a2 30. c4 Ne5 31. Qc3 Qc5 32. Kxa2 Nxf3 33. Rd5 Bxd5 34.
exd5 Qf2+ 35. Rc2 Qf1 36. Qa5 Kf7 37. Qb6 Kg7 38. Qxa6 Qd3 39. Qa4 Nd4 40. Rb2
Qf1 41. Qb4 Ne2 42. Qd2 Nc1+ 43. Ka3 Qxc4 44. Rb4 Qc5 45. Qd4+ Qxd4 46. Rxd4 Ne2
47. Re4 Nc3 48. Rxe7+ Kg8 49. Re6 Nxd5 50. Rxd6 Ne3 51. Rd8+ Kg7 52. g5 Nf5 53.
Rd7+ Kg8 54. Kb4 Ng7 55. Kc4 Ne6 56. Rd5 h6 57. gxh6 Kh7 58. Rd6 Ng5 59. Kd4
Kxh6 60. Ke3 Nf7 61. Rxg6+ Kxg6 {Game drawn because neither player has mating
material} 1/2-1/2

[Event "Team 45 45 League T70"]
[Site "Internet Chess Club"]
[Date "2016.09.11"]
[Round "1"]
[White "losscause"]
[Black "Beetlejuice"]
[Result "1/2-1/2"]
[WhiteElo "1551"]
[BlackElo "1769"]
[Opening "Dutch"]
[ECO "A80"]
[Time "14:03:07"]
[TimeControl "2700+45"]

1. d4 f5 2. Nf3 Nf6 3. Bg5 Ne4 4. Bf4 d6 5. Nbd2 g6 6. Nxe4 fxe4 7. Nd2 Bf5 8.
e3 Qd7 9. Be2 h5 10. h3 Bg7 11. Bg5 e5 12. c3 d5 13. Qb3 c6 14. O-O O-O 15. f3
exf3 16. Nxf3 exd4 17. exd4 Qc7 18. Nh4 Be4 19. Rxf8+ Bxf8 20. Nf3 Nd7 21. c4
Re8 22. cxd5 Bxd5 23. Bc4 Nb6 24. Bxd5+ Nxd5 25. Rc1 Qg3 26. Bh4 Qf4 27. Bg5 Qg3
28. Bh4 Qf4 {Game drawn by mutual agreement} 1/2-1/2

[Event "Team 45 45 League T70"]
[Site "Internet Chess Club"]
[Date "2016.09.11"]
[Round "1"]
[White "ChessRooklift"]
[Black "room-matt"]
[Result "0-1"]
[WhiteElo "1758"]
[BlackElo "1859"]
[Opening "Nimzovich-Larsen attack: modern variation"]
[ECO "A01"]
[Time "10:04:33"]
[TimeControl "2700+45"]

1. b3 e5 2. Bb2 Nc6 3. e3 d5 4. Bb5 Bd7 5. Nf3 e4 6. Nd4 Nxd4 7. Bxd7+ Qxd7 8.
exd4 Nf6 9. Qe2 O-O-O 10. a3 Bd6 11. Nc3 c6 12. Na4 Rhe8 13. Bc3 Qe7 14. b4 Kb8
15. Nc5 Nd7 16. Nb3 Nb6 17. Na5 Qc7 18. g3 Re6 19. Bb2 Rde8 20. O-O-O f5 21. Kb1
f4 22. Bc1 g5 23. Rde1 Qg7 24. Bb2 Na4 25. Ba1 f3 26. Qf1 h5 27. Re3 h4 28. c4
Bc7 29. cxd5 cxd5 30. Qb5 Nb6 31. Rc1 a6 32. Qf1 Rc8 33. Rec3 hxg3 34. hxg3 g4
35. Qd1 Qd7 36. Qb3 Rh6 37. Rc5 Rh2 38. Qe3 Na4 39. Nb3 Nxc5 40. dxc5 Qb5 41.
Ka2 Qe2 42. Qg5 Rxf2 43. Qxd5 e3 44. Bc3 Rd8 45. Qg5 exd2 46. Rc2 d1=Q {White
resigns} 0-1

[Event "Team 45 45 League T70"]
[Site "Internet Chess Club"]
[Date "2016.09.08"]
[Round "1"]
[White "Rhel"]
[Black "Goli"]
[Result "1/2-1/2"]
[WhiteElo "1719"]
[BlackElo "1804"]
[Opening "Benkö gambit: fianchetto variation"]
[ECO "A58"]
[Time "17:01:25"]
[TimeControl "2700+45"]

1. d4 Nf6 2. c4 c5 3. d5 b5 4. cxb5 a6 5. bxa6 Bxa6 6. Nc3 d6 7. Nf3 g6 8. g3
Bg7 9. Bg2 O-O 10. O-O Nbd7 11. Rb1 Qa5 12. Bd2 Rfb8 13. Qc2 Nb6 14. b3 Bc8 15.
a4 Qa7 16. e4 Ng4 17. Bg5 h6 18. Bd2 c4 19. h3 cxb3 20. Rxb3 Ne5 21. Nxe5 Bxe5
22. Be3 {Game drawn by mutual agreement} 1/2-1/2